[Event "*** Titled Tuesday 3|2 Blitz"]
[Site "Chess.com"]
[Date "2017.06.06"]
[Round "6"]
[White "chessking2151"]
[Black "heartofatiger"]
[Result "0-1"]
[WhiteElo "2332"]
[BlackElo "2384"]
[TimeControl "180+2"]
[EndTime "15:06:31 PDT"]
[Termination "heartofatiger won by checkmate"]

1. e4 c5 2. Nf3 e6 3. d4 cxd4 4.
Nxd4 a6 5. g3 d6 6. Bg2 Nf6 7. O-O Be7 8. b3 O-O 9. Bb2 Qc7 10. c4 Nbd7 11. Qe2 Rb8 12. h3 b6 13. g4 h6 14. f4 Nh7 15. Nd2 Bb7 16. Kh1 Rbe8 17.
a4 Nc5 18. b4 Nd7 19. a5 bxa5 20. Rxa5 d5 21. c5 Nxc5 22. Rc1 Qb6 23. Raxc5 Bxc5 24. Rxc5 Qxb4 25. N2b3 dxe4 26. Bc3 Qb6 27. Ba5 Qa7 28. Bxe4 Nf6 29. Bxb7 Qxb7+ 30. Qg2 Nd5 31. f5 Rc8 32.
fxe6 fxe6 33. Nxe6 Qxb3 34. Qxd5 Qxh3+ 35. Kg1 Rf1# 0-1

[Event "*** Titled Tuesday 3|2 Blitz"]
[Site "Chess.com"]
[Date "2017.06.06"]
[Round "6"]
[White "viggi38"]
[Black "axvesik"]
[Result "0-1"]
[WhiteElo "2143"]
[BlackElo "2386"]
[TimeControl "180+2"]
[EndTime "15:06:41 PDT"]
[Termination "axvesik won by resignation"]

1. d4 Nf6 2. c4 e6 3. Nc3 Bb4 4.
Qc2 O-O 5. a3 Bxc3+ 6. Qxc3 d5 7. Nf3 dxc4 8. Qxc4 b6 9. Bg5 h6 10. Bh4 Ba6 11. Qa4 c5 12. dxc5 bxc5 13. Rc1 Qb6 14. Bxf6 gxf6 15. Rc2 Nc6 16. e3 Bxf1 17. Rxf1 Rfd8 18.
Ke2 Ne7 19. Rfc1 Rd5 20. e4 Rdd8 21. Qc4 Rac8 22. Qc3 Kg7 23. g4 Ng6 24. Qe3 Qb5+ 25. Ke1 Rd3 26. Qe2 Nf4 27. Qf1 Rcd8 28. Nd2 Qa5 29.
Rd1 c4 30. f3 Re3+ 31. Kf2 Re2+ 32. Qxe2 Nxe2 33. Kxe2 Qb5 34. Nxc4 Rxd1 35. Kxd1 Qb3 36. Nd2 Qe3 37. Rc3 Qg1+ 38. Kc2 Qxh2 39. b4 f5 40. gxf5 exf5 41. exf5 h5 42. b5 h4 43. a4 h3 44. a5 Qg1 45. f4 h2 0-1

[Event "*** Titled Tuesday 3|2 Blitz"]
[Site "Chess.com"]
[Date "2017.06.06"]
[Round "6"]
[White "fidetrainerNET"]
[Black "WinnieTPooh"]
[Result "1-0"]
[WhiteElo "2112"]
[BlackElo "1918"]
[TimeControl "180+2"]
[EndTime "15:06:45 PDT"]
[Termination "fidetrainerNET won by resignation"]

1. e4 c5 2. d4 cxd4 3. c3 dxc3 4.
Nxc3 e6 5. Bc4 a6 6. Qe2 b5 7.
Bb3 Bb7 8. Nf3 Nc6 9. O-O Nge7 10. Re1 Ng6 11. Nd5 d6 12. Nf4 Nge5 13. Nxe6 fxe6 14.
Bxe6 Qf6 15. Bd5 Nxf3+ 16. Qxf3 Qxf3 17. gxf3 Be7 18. Bf4 Rf8 19. Bg3 Na5 20. b4 Bxd5 21.
exd5 Nc4 22. a4 Kd7 23. Ra2 Bg5 24. Re4 Nd2 25. Rg4 Nxf3+ 26. Kg2 h5 27. Re4 h4 28. axb5 hxg3 29. hxg3 Be7 30. bxa6 Rfb8 31. Kxf3 Rb6 32.
Rg4 Bf6 33. Ke4 Rxb4+ 34. Kf5 Rb6 35. a7 Rb7 36. Rga4 Kc7 37. Ke6 Re8+ 38. Kf5 Re5+ 39. Kg6 Rg5+ 40. Kf7 Kb6+ 41. Kf8 Be7+ 42. Ke8 Rf5 43.
Ra6+ Kb5 44. R2a5+ Kc4 45. Ra4+ Kd3 46. Rf4 Rxf4 47. gxf4 Rxa7 48. Rxa7 Bf6 49. Kf7 Ke4 50. Ke6 Kxf4 51. Kxd6 Be5+ 52. Ke6 Ke4 53. d6 1-0

[Event "*** Titled Tuesday 3|2 Blitz"]
[Site "Chess.com"]
[Date "2017.06.06"]
[Round "6"]
[White "Abrito99"]
[Black "pKiLz5Rn9b"]
[Result "1-0"]
[WhiteElo "2333"]
[BlackElo "2483"]
[TimeControl "180+2"]
[EndTime "15:06:49 PDT"]
[Termination "Abrito99 won on time"]

1. e4 e6 2. Nf3 d5 3. Nc3 Nf6 4. e5 Nfd7 5. d4 c5 6. dxc5 Nc6 7. Bf4 Nxc5 8. Bd3 Be7 9. h4 h6 10.
h5 a6 11. a3 b5 12. Rh3 f5 13.
exf6 Bxf6 14. Bg6+ Kf8 15. Kf1 e5 16. Bd2 Bxh3 17.
gxh3 Ne7 18. Qe2 e4 19. Nh2 Nxg6 20. hxg6 Qd7 21. Qh5 Rd8 22. Ng4 Qe6 23. Be3 Na4 24.
Nxf6 gxf6 25. Ne2 Kg7 26. Nd4 Qe5 27. Nf5+ Kg8 28. Bd4 Qe6 29. Nxh6+ Kf8 30. g7+ Ke7 31. Nf5+ Kd7 32. gxh8=Q Rxh8 33. Qxh8 Qxf5 34. Qg7+ Ke8 35. Qg4 Qxg4 36. hxg4 1-0

[Event "*** Titled Tuesday 3|2 Blitz"]
[Site "Chess.com"]
[Date "2017.06.06"]
[Round "6"]
[White "GeorgMeier"]
[Black "Colombiano07"]
[Result "1-0"]
[WhiteElo "2777"]
[BlackElo "2279"]
[TimeControl "180+2"]
[EndTime "15:06:55 PDT"]
[Termination "GeorgMeier won by resignation"]

1. Nf3 Nf6 2. g3 e6 3. Bg2 d5 4. O-O Be7 5. d4 O-O 6. c4 c6 7.
Qc2 b6 8. Nbd2 Ba6 9. b3 Nbd7 10.
Bb2 b5 11. c5 b4 12. Rfe1 Bb5 13. e4 dxe4 14. Nxe4 Nxe4 15. Qxe4 Bf6 16. Rad1 Qc7 17. Bc1 a5 18. h4 Rfe8 19. Bf4 Qb7 20. Ng5 Nf8 21.
Qf3 Bxg5 22. hxg5 a4 23. Bd6 axb3 24. axb3 Ra3 25. Re3 Qa6 26. Rde1 Ra1 27. Kh2 Rxe1 28. Rxe1 Qa2 29. Qe3 Qc2 30. Be4 Qb2 31. Kg2 Ra8 32. Rh1 Ng6 33. Be5 Qc3 34. Qxc3 bxc3 35. Rc1 Nxe5 36. dxe5 Rd8 37. Rxc3 Rd4 38. Kf3 g6 39.
Ke3 Rb4 40. Bd3 h6 41. gxh6 Kh7 42. Bxb5 Rxb5 43. Kd3 Rb4 44. Kc2 Kxh6 45. Rf3 Kg7 46. Rf4 Rb8 47. Kc3 Ra8 48. Ra4 Rd8 49. Ra6 Rc8 50. b4 g5 51. Kc4 Kg6 52. g4 f6 53.
b5 cxb5+ 54. Kxb5 Re8 55. Kc6 Rc8+ 56. Kd6 Rd8+ 57. Ke7 Rc8 58. c6 fxe5 59. Kd7 Rf8 60. c7 Rf7+ 61. Kd6 Rf8 62. Rb6 e4 63. Rb8 1-0

[Event "*** Titled Tuesday 3|2 Blitz"]
[Site "Chess.com"]
[Date "2017.06.06"]
[Round "6"]
[White "Noukii"]
[Black "Drags95"]
[Result "0-1"]
[WhiteElo "2615"]
[BlackElo "2551"]
[TimeControl "180+2"]
[EndTime "15:06:56 PDT"]
[Termination "Drags95 won by resignation"]

1. d4 Nf6 2. Nf3 e6 3. Bg5 d5 4.
e3 Be7 5. Nbd2 O-O 6. Bd3 b6 7. c3 Bb7 8. O-O Nbd7 9. a4 Ne4 10. Bf4 a5 11. Qc2 f5 12. Ne5 g5 13. Nxd7 Qxd7 14. Be5 Nxd2 15. Qxd2 Bd6 16. Bxd6 Qxd6 17. b4 Ba6 18. Bxa6 Rxa6 19. b5 Raa8 20. c4 dxc4 21. Rac1 f4 22. Rxc4 f3 23. Qc2 fxg2 24. Kxg2 Rf7 25. Qe4 Raf8 26. Rc6 Qb4 27. Qxe6 Qxa4 28. Rxc7 Qxb5 29. Rxf7 Rxf7 30. Rc1 Qf5 31. Qxf5 Rxf5 32. Rc6 Rb5 33. e4 a4 34. d5 a3 35. d6 Kf7 36.
e5 a2 37. Rc7+ Ke6 38. Re7+ Kf5 39. Ra7 Kxe5 40. Rxa2 Kxd6 41. Ra7 h5 42. Rh7 h4 43.
Kh3 Rf5 44. Kg4 Rxf2 45. h3 Rg2+ 46. Kf5 Rg3 47. Rb7 Kc5 48. Rc7+ Kb4 49. Rc6 b5 0-1

[Event "*** Titled Tuesday 3|2 Blitz"]
[Site "Chess.com"]
[Date "2017.06.06"]
[Round "6"]
[White "Schemato"]
[Black "Blitzking4444"]
[Result "1-0"]
[WhiteElo "2292"]
[BlackElo "2007"]
[TimeControl "180+2"]
[EndTime "15:06:59 PDT"]
[Termination "Schemato won on time"]

1. c4 e5 2. g3 Nf6 3. Bg2 d5 4.
cxd5 Nxd5 5. Nf3 Nc6 6. O-O Nb6 7. d3 Be7 8. Nbd2 O-O 9. a3 a5 10. b3 f5 11. Bb2 Bf6 12. Nc4 Nxc4 13. bxc4 a4 14.
Rb1 Qe8 15. Ne1 Nd4 16. Bxd4 exd4 17. Bxb7 Ra5 18. Bd5+ Be6 19. Qd2 Ra7 20. Bf3 Be7 21. Qb2 Bc5 22. Ng2 Qe7 23. Nf4 Bf7 24. Qa1 Qd6 25.
Rb5 g5 26. Ng2 c6 27. Rxc5 Qxc5 28. e3 Rd8 29. e4 g4 30. Be2 fxe4 31. dxe4 d3 32.
Bxg4 Qxc4 33. Bf5 Qd4 34. Qd1 d2 35. Ne3 c5 36. Qg4+ Qg7 37. Qe2 c4 38. Nxc4 Bxc4 39. Qxc4+ Kh8 40. Rd1 Rc7 41. Qa2 Rc1 42. Bg4 Qc3 43.
Kg2 1-0

[Event "*** Titled Tuesday 3|2 Blitz"]
[Site "Chess.com"]
[Date "2017.06.06"]
[Round "6"]
[White "Grebeniuk-S"]
[Black "GianmarcoVaR"]
[Result "1-0"]
[WhiteElo "2440"]
[BlackElo "2437"]
[TimeControl "180+2"]
[EndTime "15:07:03 PDT"]
[Termination "Grebeniuk-S won by checkmate"]

1. e4 c6 2. d3 d5 3. Nd2 e5 4. g3 Bd6 5. Bg2 Nf6 6. Ngf3 O-O 7.
O-O Re8 8. Re1 dxe4 9. dxe4 Nbd7 10. Nc4 Bc5 11. Nd6 Re6 12. Nxc8 Rxc8 13. Qe2 Ng4 14. Rf1 Rd6 15. Bh3 Ngf6 16. Rd1 Nxe4 17. Rxd6 Nxd6 18. Nxe5 Nxe5 19. Bxc8 Qf6 20. Bf4 Nec4 21. Bg4 Qxb2 22. Re1 h6 23. h4 a5 24. Qd3 Qf6 25. Bf3 g5 26. hxg5 hxg5 27. Bxd6 Nxd6 28. Kg2 a4 29. Re2 a3 30. Be4 Kg7 31. c4 Bd4 32. Bf3 c5 33.
Rd2 b6 34. Qe2 Nf5 35. Be4 Ne7 36. Qh5 Ng6 37. Bxg6 fxg6 38. Qf3 Qe6 39. Qd3 g4 40. Re2 Qc6+ 41. Qe4 Qd7 42. Qe6 Qb7+ 43. Re4 Kh6 44. Qxg4 b5 45. cxb5 Qxb5 46. Qf4+ Kg7 47. Re7+ Kh8 48.
Qf8# 1-0

[Event "*** Titled Tuesday 3|2 Blitz"]
[Site "Chess.com"]
[Date "2017.06.06"]
[Round "6"]
[White "jeaston1"]
[Black "Saitama_Hero"]
[Result "1-0"]
[WhiteElo "2155"]
[BlackElo "2244"]
[TimeControl "180+2"]
[EndTime "15:07:10 PDT"]
[Termination "jeaston1 won by checkmate"]

1. d4 d6 2. c4 f5 3. Nf3 Nf6 4. Nc3 g6 5. g3 Bg7 6. Bg2 O-O 7. O-O Qe8 8. Re1 e5 9. dxe5 dxe5 10. e4 Nc6 11. exf5 Bxf5 12. Nd5 Rd8 13. Bg5 Qf7 14. Bxf6 Bxf6 15. Nxf6+ Qxf6 16. Qb3 e4 17. Nh4 Rd3 18.
Qxb7 Bc8 19. Qxc7 Qxf2+ 20. Kh1 Nd4 21. Rf1 e3 22. Rxf2 exf2 23. Rf1 Be6 24. Qc5 Rd2 25.
Qe5 Bxc4 26. Bd5+ Bxd5+ 27. Qxd5+ Kg7 28. Qe5+ Kg8 29. Kg2 Nc2 30. Qe6+ Kh8 31. Qe5+ Kg8 32. Nf3 Ne1+ 33. Kh1 Nxf3 34. Qe3 Rxb2 35. Rxf2 Rb1+ 36. Kg2 Rg1+ 37. Kh3 Ng5+ 38. Kh4 Nf7 39. Rxf7 Rxf7 40. Qxg1 Rf5 41. Kh3 Rh5+ 42. Kg2 Ra5 43. Qb1 Re5 44. Qb3+ Kg7 45. Qb2 Kf6 46. Kf3 Ke6 47. Qb3+ Kd6 48.
Qa3+ Ke6 49. Qa6+ Kf5 50. Qxa7 h5 51. Qf7+ Kg5 52. Qf4# 1-0

[Event "*** Titled Tuesday 3|2 Blitz"]
[Site "Chess.com"]
[Date "2017.06.06"]
[Round "6"]
[White "TheLancer"]
[Black "Blitzstream"]
[Result "1-0"]
[WhiteElo "2425"]
[BlackElo "2487"]
[TimeControl "180+2"]
[EndTime "15:07:14 PDT"]
[Termination "TheLancer won by resignation"]

1. e4 g6 2. Nc3 Bg7 3. f4 e5 4.
Nf3 d6 5. fxe5 dxe5 6. Bc4 Nh6 7. O-O Bg4 8. d3 O-O 9. h3 Be6 10.
Bg5 Qd6 11. Bxe6 fxe6 12. Qd2 Nf7 13. Be3 a6 14. Kh1 Nc6 15. Qf2 Nd4 16. Qd2 Rad8 17.
Nh2 c5 18. Ng4 Qe7 19. b3 b5 20. a4 c4 21. axb5 cxb3 22. Rxa6 bxc2 23. Ne2 Nxe2 24. Qxe2 Rc8 25. Rc1 Qc7 26. Rc6 Qb7 27. R1xc2 h5 28. Rxc8 Rxc8 29. Rxc8+ Qxc8 30. Nf2 Qb7 31. Qb2 Bf8 32. Qb3 Nd8 33. b6 Bd6 34. Qb5 Kf7 35.
Kg1 Ke7 36. Nd1 Qc6 37. Qxc6 Nxc6 38. Nb2 Kd7 39. Kf2 Na5 40. Nc4 Nxc4 41. dxc4 Kc6 42. c5 Be7 43. Kf3 g5 44. Ke2 Bd8 45. g4 hxg4 46.
hxg4 Be7 47. Kd3 Bd8 48. Kc4 Be7 49. Kb4 Bd8 50. Ka5 Kb7 51. Kb5 Kb8 52. c6 Kc8 53. Ka6 Bc7 54. b7+ Kd8 55. Bb6 1-0

[Event "*** Titled Tuesday 3|2 Blitz"]
[Site "Chess.com"]
[Date "2017.06.06"]
[Round "6"]
[White "Fins0905"]
[Black "GameOverBro"]
[Result "1-0"]
[WhiteElo "2428"]
[BlackElo "2234"]
[TimeControl "180+2"]
[EndTime "15:07:14 PDT"]
[Termination "Fins0905 won on time"]

1. Nf3 d6 2. d4 Nf6 3. c4 Nbd7 4.
Nc3 e5 5. g3 Be7 6. Bg2 O-O 7.
O-O c6 8. b3 a5 9. Bb2 Qc7 10.
Rc1 Re8 11. e3 Bf8 12. Qc2 g6 13. Rfd1 Bg7 14. Ba3 Bf8 15. Na4 exd4 16. Rxd4 Nc5 17.
Nxc5 dxc5 18. Rdd1 Bf5 19. Qe2 a4 20. Bb2 Bg7 21.
Ra1 Qb6 22. Nd2 Bc2 23. Rdc1 axb3 24. axb3 Bxb3 25. Bxf6 Bxf6 26. Rab1 Ra3 27. Qd3 Rd8 28. Rxb3 Rxd3 29. Rxb6 Rxd2 30. Rxb7 Raa2 31. Rf1 Rac2 32. Bxc6 Rxc4 33. Be8 Rb4 34. Rxf7 Bd8 35. Ra7 c4 36. Rc1 Kf8 37. Bc6 Bb6 38. Rb7 c3 39. Rxc3 Rb1+ 40. Kg2 Rbb2 41. Kg1 Rb1+ 42. Kg2 Rbb2 43. Ra3 Rxf2+ 44.
Kg1 Bd8 45. Ra8 Rxb7 46. Rxd8+ Ke7 47. Bxb7 Rb2 48. Rh8 1-0

[Event "*** Titled Tuesday 3|2 Blitz"]
[Site "Chess.com"]
[Date "2017.06.06"]
[Round "6"]
[White "aa175"]
[Black "Setne007"]
[Result "1-0"]
[WhiteElo "1882"]
[BlackElo "2042"]
[TimeControl "180+2"]
[EndTime "15:07:26 PDT"]
[Termination "aa175 won on time"]

1. e4 e6 2. Nf3 d5 3. exd5 exd5 4.
Be2 Nf6 5. O-O Bd6 6. d4 Bf5 7.
Re1 O-O 8. Bg5 h6 9. Bh4 Nbd7 10.
Bd3 Bxd3 11. Qxd3 c6 12. Nbd2 Qc7 13. Bg3 Rfe8 14. Bxd6 Qxd6 15. c3 Rxe1+ 16. Rxe1 Re8 17.
Rxe8+ Nxe8 18. g3 Qe6 19. Qe3 Qxe3 20. fxe3 Nd6 21. Kf2 Nf6 22. Ne5 Kf8 23. Kf3 Ke7 24. h3 Nfe4 25. Nxe4 Nxe4 26. g4 g5 27. a3 Ke6 28. a4 f6 29. Nd3 b6 30. Nf2 Nd2+ 31.
Ke2 Nc4 32. Nd3 a5 33. Kf3 Nd6 34. Nf2 f5 35. Nd3 Nc4 36. Ke2 Kf6 37. Kf3 Ke6 38. Ke2 Kf6 39. Kf3 Ke6 40. Ke2 b5 41. axb5 cxb5 42. b3 Nd6 43. Nc5+ Kf6 44. Nd7+ Ke6 45. Nc5+ Kf6 46. Nd7+ Ke7 47. Nb6 Ke6 48. Na8 Ne4 49.
Nc7+ Kd6 50. Nxb5+ Kc6 51. c4 dxc4 52. bxc4 fxg4 53.
hxg4 a4 54. Na3 1-0

[Event "*** Titled Tuesday 3|2 Blitz"]
[Site "Chess.com"]
[Date "2017.06.06"]
[Round "6"]
[White "PaulfromSPb"]
[Black "GrigorGrigorov"]
[Result "1-0"]
[WhiteElo "2591"]
[BlackElo "2617"]
[TimeControl "180+2"]
[EndTime "15:07:39 PDT"]
[Termination "PaulfromSPb won by resignation"]

1. e4 g6 2. d4 Bg7 3. Nc3 c6 4. Nf3 d6 5. h3 Nf6 6. Bd3 O-O 7. Bg5 Nbd7 8. Qd2 e5 9. dxe5 dxe5 10. h4 h5 11.
O-O-O Qa5 12. Kb1 b5 13. Nd5 Qxd2 14. Nxf6+ Nxf6 15. Rxd2 Ng4 16. Be7 Re8 17. Bc5 Bf8 18.
Bxf8 Kxf8 19. Nh2 Nf6 20. f3 Be6 21. Rhd1 Ke7 22. Nf1 Red8 23. Ne3 a5 24. b3 Nd7 25. Be2 Nc5 26. a3 Rxd2 27. Rxd2 Bd7 28. Kb2 Ne6 29. g3 Nc5 30. Nd1 f5 31. exf5 gxf5 32. Nf2 Rg8 33. f4 Rxg3 34. fxe5 Be8 35. Nd3 Nxd3+ 36. Bxd3 Ke6 37.
a4 Re3 38. axb5 cxb5 39. Rg2 Rxe5 40. Rg8 Kf6 41. Kc3 Bf7 42. Rb8 b4+ 43. Kd4 f4 44.
Be4 Re6 45. Rb5 Rd6+ 46. Kc5 Re6 47. Kd4 Rd6+ 48. Kc5 Rd2 49. Rxa5 Re2 50. Kd4 Rh2 51. Rf5+ Kg7 52. Rxf4 Bg6 53. Bxg6 Kxg6 54. Kd3 Rh3+ 55. Kd2 Rh2+ 56. Kc1 Rh1+ 57. Kb2 Rg1 58. Rxb4 Rg4 59. Rc4 Kf5 60. Kc3 Ke5 61. Rc5+ 1-0

[Event "*** Titled Tuesday 3|2 Blitz"]
[Site "Chess.com"]
[Date "2017.06.06"]
[Round "6"]
[White "1lec"]
[Black "DiamondCrusher22"]
[Result "1-0"]
[WhiteElo "2046"]
[BlackElo "2013"]
[TimeControl "180+2"]
[EndTime "15:07:55 PDT"]
[Termination "1lec won by checkmate"]

1. e4 e5 2. Nf3 Nc6 3. Bb5 Nf6 4.
O-O Nxe4 5. Re1 Nd6 6. Nxe5 Be7 7. Bf1 Nxe5 8. Rxe5 O-O 9. d4 Bf6 10. Re1 Nf5 11. c3 d5 12. Bf4 c6 13. Nd2 Nd6 14.
h3 Bg5 15. Bxg5 Qxg5 16. Nf3 Qg6 17. Ne5 Qg5 18. Qf3 f6 19. Nd3 Bf5 20. Nf4 Be4 21.
Qe3 Nf5 22. Ne6 Nxe3 23. Nxg5 Nc2 24. Nxe4 dxe4 25. Bc4+ Kh8 26. Rad1 Nxe1 27. Rxe1 Rfe8 28. b4 a5 29. b5 cxb5 30. Bxb5 Re7 31. d5 Rd8 32. c4 f5 33. g3 g5 34. Kf1 Kg7 35. Ke2 Kf6 36. Ke3 Ke5 37. Rf1 f4+ 38. gxf4+ gxf4+ 39. Ke2 Kd4 40. Rg1 f3+ 41. Kd2 Kc5 42. Ke3 Rd6 43.
Rg4 Rh6 44. h4 Rh5 45. Rxe4 Rxe4+ 46. Kxe4 Rxh4+ 47. Kxf3 Rh3+ 48. Ke4 Ra3 49. f4 Rxa2 50. f5 Rf2 51. Ke5 h5 52. d6 h4 53. d7 Rd2 54. f6 h3 55. f7 Re2+ 56. Kf4 Rg2 57. f8=Q+ Kd4 58. d8=Q+ Kc3 59. Qff6+ Kb3 60. Qd3+ Kb4 61.
Qfd6# 1-0

[Event "*** Titled Tuesday 3|2 Blitz"]
[Site "Chess.com"]
[Date "2017.06.06"]
[Round "6"]
[White "the_drake"]
[Black "dinevmk"]
[Result "0-1"]
[WhiteElo "2125"]
[BlackElo "2089"]
[TimeControl "180+2"]
[EndTime "15:08:04 PDT"]
[Termination "dinevmk won by checkmate"]

1. e4 d6 2. d4 Nf6 3. Nd2 g6 4. f3 Bg7 5. Bd3 O-O 6. Ne2 e5 7.
c3 c5 8. d5 Nh5 9. O-O f5 10.
Ng3 Nf4 11. Nc4 Bh6 12. a4 Qh4 13. Nxd6 fxe4 14. Bxe4 Nd7 15. Nxc8 Raxc8 16. d6 b6 17. Qb3+ Kh8 18. a5 c4 19. Qb5 Nc5 20. axb6 axb6 21.
Ra7 Rb8 22. Qxc4 Nce6 23. Qb5 Bg7 24. Be3 Rbd8 25. d7 h5 26. Bxb6 Rb8 27. Qc6 Qg5 28. d8=Q Nxd8 29. Bxd8 Rbxd8 30. Qb7 Rg8 31. Qe7 Qh6 32.
Rf2 Rd1+ 33. Nf1 h4 34. Bc2 Re1 35. Bb3 Rb8 36. Be6 Ne2+ 37. Rxe2 Rxe2 38. Bc4 Rexb2 39. Qc5 Rb1 40. h3 R1b2 41. Rf7 Qg5 42. Ne3 Rd8 43. Kh2 Qg3+ 44. Kg1 Rd1+ 45. Bf1 Rxf1+ 46. Kxf1 Qf2# 0-1

[Event "*** Titled Tuesday 3|2 Blitz"]
[Site "Chess.com"]
[Date "2017.06.06"]
[Round "6"]
[White "AllStarShark"]
[Black "LonesomeGeorge1"]
[Result "0-1"]
[WhiteElo "2294"]
[BlackElo "2248"]
[TimeControl "180+2"]
[EndTime "15:08:16 PDT"]
[Termination "LonesomeGeorge1 won on time"]

1. d4 Nf6 2. Bg5 c5 3. Nc3 cxd4 4. Qxd4 Nc6 5. Qh4 e6 6. O-O-O Be7 7. e4 d6 8. f4 Qa5 9. Nf3 h6 10. e5 dxe5 11. fxe5 Nxe5 12. Bb5+ Bd7 13. Nxe5 Bxb5 14. Bxf6 Bxf6 15. Qh5 Bg5+ 16. Kb1 O-O 17. h4 Be8 18.
Nc4 Qc5 19. hxg5 Qxc4 20. gxh6 g6 21. h7+ Kh8 22. Qe5+ f6 23. Qd6 Bc6 24. Rhe1 e5 25. Qe7 Qf7 26. Qc5 a6 27. Qb6 Qe7 28. Nd5 Bxd5 29.
Rxd5 Rad8 30. Red1 Rxd5 31. Rxd5 Kxh7 32. a4 Kg7 33. a5 Rf7 34. Qf2 Qe6 35. Qd2 Rc7 36. Rd6 Qf5 37. b3 g5 38. Kb2 e4 39.
Rd5 Qe6 40. Qd4 Kg6 41. Rd6 Qf5 42. g4 Qf4 43. Rd8 Re7 44. Rg8+ Kf7 45. Qd5+ Re6 46. Rd8 Qe5+ 47. Qxe5 Rxe5 48. Rd7+ Re7 49. Rd2 e3 50. Re2 f5 51. gxf5 Kf6 52. Kc3 Kxf5 53. Kd3 Kf4 54.
b4 g4 55. c4 g3 56. b5 Kf3 57. bxa6 bxa6 58. c5 g2 59. Re1 Kf2 60. Re2+ Kf1 61. Rxe3 Rxe3+ 62. Kxe3 g1=Q+ 63. Ke4 Qxc5 64. Kd3 Qxa5 65.
Kc2 Ke2 66. Kb1 Qd2 67. Ka1 Kd3 68. Kb1 Kc3 0-1

[Event "*** Titled Tuesday 3|2 Blitz"]
[Site "Chess.com"]
[Date "2017.06.06"]
[Round "6"]
[White "Hamisandwich"]
[Black "XDPS"]
[Result "1-0"]
[WhiteElo "2460"]
[BlackElo "2506"]
[TimeControl "180+2"]
[EndTime "15:08:17 PDT"]
[Termination "Hamisandwich won by resignation"]

1. c3 d5 2. g3 e5 3. Bg2 c6 4. d3 Nf6 5. e4 dxe4 6. dxe4 Qxd1+ 7. Kxd1 Be6 8. Kc2 h6 9. f3 Nbd7 10. Bh3 Bxh3 11. Nxh3 O-O-O 12. Be3 Bc5 13. Re1 Kc7 14.
Nf2 Bxe3 15. Rxe3 Nc5 16. Nd2 Ne8 17. a4 Nd6 18. b4 Ne6 19. Nd3 f6 20. f4 exf4 21.
gxf4 g5 22. f5 Nf8 23. Nb3 Nd7 24. Nd4 Nc4 25. Re2 Rde8 26. Rd1 Nde5 27. Nc5 Re7 28.
Kb3 b6 29. Nde6+ Kc8 30. Nd3 Nxd3 31. Rxd3 Ne5 32. Rd6 Rd7 33. Rxd7 Kxd7 34. Rd2+ Ke7 35. c4 h5 36. c5 g4 37. cxb6 axb6 38. a5 bxa5 39.
bxa5 Ra8 40. Ra2 h4 41. Kb4 Ra6 42. Nc5 Ra8 43. a6 g3 44. hxg3 h3 45. Rh2 Rh8 46. a7 Ra8 47. Rxh3 Rxa7 48. Rh8 Ra1 49. Rh7+ Nf7 50. Ne6 Rb1+ 51. Kc5 Rc1+ 52. Kb6 Ke8 53. Rg7 Rc4 54. Rg6 Ke7 55. Rg4 Ne5 56. Rg7+ Kd6 57. Nd8 Nd7+ 58. Ka6 Ra4+ 59. Kb7 Rb4+ 60. Ka6 Rxe4 61.
Nb7+ Ke5 62. Rxd7 Kxf5 63. Nd6+ Ke6 64. Nxe4 Kxd7 65. Nxf6+ Ke6 66. Ne4 Kf5 67. Nf2 Ke5 68. Kb6 Kd5 69. g4 c5 70. Kb5 c4 71. Kb4 Kd4 72. Ka3 Ke3 73. Kb2 Kd2 74. Ne4+ Kd3 75. g5 Kxe4 76. g6 Kd3 77. Kc1 1-0

[Event "*** Titled Tuesday 3|2 Blitz"]
[Site "Chess.com"]
[Date "2017.06.06"]
[Round "6"]
[White "Spartakus1975"]
[Black "yurisolo"]
[Result "0-1"]
[WhiteElo "2590"]
[BlackElo "2498"]
[TimeControl "180+2"]
[EndTime "15:08:23 PDT"]
[Termination "yurisolo won by resignation"]

1. e4 c5 2. c3 Nf6 3. e5 Nd5 4.
Nf3 Nc6 5. Bc4 e6 6. O-O d6 7. d4 Be7 8. exd6 Qxd6 9. dxc5 Qxc5 10. Bxd5 Qxd5 11. Qxd5 exd5 12. Nbd2 Bg4 13. Nb3 Bxf3 14. gxf3 O-O-O 15. Be3 Rhe8 16. Rfd1 b6 17. Kg2 Ne5 18. Nd4 Bc5 19. Bf4 Kb7 20. b3 Nc6 21. Nxc6 Kxc6 22.
Rd2 g5 23. Bg3 f5 24. f4 h6 25.
Rad1 Re4 26. fxg5 hxg5 27. c4 d4 28. f3 Re6 29. Bf2 f4 30. Kf1 Rh6 31. Kg2 Re6 32. Kf1 Rh6 33. Bg1 Rh3 34. Kg2 Rdh8 35. Re1 Bb4 36. Re6+ Kd7 37. Ree2 Bxd2 38. Rxd2 R3h6 39. Rxd4+ Rd6 40. b4 Re8 41. Kf1 Rxd4 42. Bxd4 Rc8 43. c5 bxc5 44. Bxc5 a5 45. a3 a4 46.
Ke2 Rh8 47. Bg1 Kc6 48. Kd3 Re8 49. Kc4 Re2 50. b5+ Kb7 51. h3 Rb2 52. Bd4 Rb3 53.
Bf6 Rxa3 54. Bxg5 Rxf3 55. h4 a3 56. h5 a2 57. Bf6 Rh3 58. Kd5 f3 59. Ke4 f2 0-1

[Event "*** Titled Tuesday 3|2 Blitz"]
[Site "Chess.com"]
[Date "2017.06.06"]
[Round "6"]
[White "anon102030"]
[Black "Federtiu"]
[Result "0-1"]
[WhiteElo "2576"]
[BlackElo "2451"]
[TimeControl "180+2"]
[EndTime "15:08:34 PDT"]
[Termination "Federtiu won by checkmate"]

1. e4 g6 2. Nc3 Bg7 3. g3 c5 4. Bg2 Nc6 5. d3 Rb8 6. Be3 Nd4 7. Qd2 b5 8. Nd1 d6 9. c3 Nc6 10. Ne2 e5 11. O-O Nge7 12. f4 exf4 13. Bxf4 O-O 14. Bh6 b4 15. Bxg7 Kxg7 16. Ne3 Be6 17. d4 bxc3 18. bxc3 cxd4 19. cxd4 d5 20. e5 Rb4 21. a3 Ra4 22. Nc2 Nf5 23. Rf4 Qb6 24.
Kh1 Qb2 25. Rd1 Rc4 26. Ne3 Qxd2 27. Nxf5+ Bxf5 28. Rxd2 Be6 29. Rf6 Rb8 30. h4 Rb3 31.
Nf4 Rxd4 32. Rc2 Nxe5 33. Rxe6 Rd1+ 34. Kh2 fxe6 35. Nxe6+ Kf6 36. Nf4 d4 37. Nd5+ Ke6 38. Nf4+ Kd6 39. a4 Rc3 40. Re2 Ng4+ 41. Kh3 Ne3 42. Be4 Rcc1 43. g4 Ke5 44. Nd3+ Kxe4 45. Nxc1 Rxc1 46. h5 d3 47. Rf2 gxh5 48. gxh5 Rh1+ 49.
Kg3 Rxh5 50. Rf4+ Kd5 51. Rf7 Nc4 52. Rd7+ Nd6 53. Kf2 Re5 54. Rxh7 d2 55. Rh1 Nc4 56. Kf3 Nb2 57. Kf4 d1=Q 58. Rxd1+ Nxd1 59. a5 Nc3 60. Kf3 Kd4 61. a6 Re4 62. Kf2 Re3 63. Kg2 Ke4 64.
Kf2 Kf4 65. Kg2 Rf3 66. Kh2 Rg3 67. Kh1 Kf3 68. Kh2 Ne2 69. Kh1 Rh3# 0-1

[Event "*** Titled Tuesday 3|2 Blitz"]
[Site "Chess.com"]
[Date "2017.06.06"]
[Round "6"]
[White "maciek_92"]
[Black "ViIIagra"]
[Result "1-0"]
[WhiteElo "2543"]
[BlackElo "2591"]
[TimeControl "180+2"]
[EndTime "15:08:45 PDT"]
[Termination "maciek_92 won by resignation"]

1. c4 Nf6 2. Nc3 c5 3. g3 g6 4. Bg2 Bg7 5. e3 O-O 6. Nge2 Nc6 7. O-O d6 8. d4 Bf5 9. h3 h5 10. b3 Rc8 11. Qd2 e5 12. d5 Ne7 13. Bb2 Bd7 14. e4 h4 15. g4 Nh7 16. f4 exf4 17.
Nxf4 Be5 18. Nd3 f6 19. Nxe5 fxe5 20. Qh6 Kh8 21. Qxh4 g5 22. Qh6 Qc7 23. Rxf8+ Rxf8 24. Rf1 Rxf1+ 25. Bxf1 Ng8 26. Qg6 Ngf6 27. Qf7 a6 28. Bd3 Qd8 29. Ne2 Qe8 30. Qxe8+ Nxe8 31. Kf2 Kg7 32. a3 b6 33. b4 Nf8 34. Bc1 Kf6 35. Ng3 Ng7 36. Nf5 Bxf5 37. exf5 Nh7 38. Kg3 Ne8 39.
h4 Ng7 40. Bd2 Ne8 41. a4 cxb4 42. Bxb4 gxh4+ 43. Kxh4 Ng5 44. Kg3 a5 45. Bd2 e4 46.
Be2 Nf7 47. Kf4 Ke7 48. Be3 Nf6 49. g5 Nd7 50. f6+ Kf8 51. Kf5 Nfe5 52. g6 Nf3 53. Bh6+ Ke8 54. Ke6 Nd4+ 55. Kxd6 Nf5+ 56. Ke6 Nxh6 57.
f7+ Nxf7 58. gxf7+ Kd8 59. Kd6 e3 60. Bg4 Nf8 61.
Be2 Ng6 62. Ke6 Nf8+ 63. Kf6 Nd7+ 64. Kg7 Ke7 65. Bg4 Kd6 66. Bxd7 e2 67. f8=Q+ 1-0

[Event "*** Titled Tuesday 3|2 Blitz"]
[Site "Chess.com"]
[Date "2017.06.06"]
[Round "6"]
[White "ProfCalculus"]
[Black "djano"]
[Result "1/2-1/2"]
[WhiteElo "2153"]
[BlackElo "2336"]
[TimeControl "180+2"]
[EndTime "15:09:01 PDT"]
[Termination "Game drawn by repetition"]

1. d4 e6 2. c4 d5 3. cxd5 exd5 4.
Nc3 c6 5. Bf4 Bd6 6. Bxd6 Qxd6 7. e3 Nf6 8. Bd3 O-O 9. Qc2 Nbd7 10. Nf3 Re8 11. O-O Nf8 12. Ne5 Ng6 13. f4 a6 14.
Na4 Ne4 15. Bxe4 dxe4 16. Nc5 f6 17. Qb3+ Be6 18. Nxe6 Qxe6 19. Qxe6+ Rxe6 20. f5 fxe5 21. fxe6 exd4 22. exd4 Re8 23. Rf7 Rxe6 24. Rxb7 e3 25. Re1 Nf4 26. Rb3 Nd5 27. g3 Re4 28. Rd3 g5 29. h3 h5 30. Kg2 g4 31. hxg4 hxg4 32. Re2 Kg7 33. Ra3 Rxd4 34. Rxa6 Rd2 35. Kf1 Rd1+ 36.
Re1 Rd2 37. Rxc6 Rxb2 38. Rd6 Rd2 39. Kg1 Kf7 40. Rxe3 Rd1+ 41. Kf2 Nxe3 42. Rxd1 Nxd1+ 43. Ke2 Nb2 44. Ke3 Kg6 45. Kf4 Kh5 46. Kf5 Nc4 47. a4 Na5 48. Kf4 Nb7 49. Kf5 Nd6+ 50. Kf4 Nc4 51.
Kf5 Ne3+ 52. Kf4 Nd5+ 53. Kf5 Ne7+ 54. Kf4 Nc6 55. Kf5 Na5 56. Kf4 Nb3 57. Kf5 Nd4+ 58. Kf4 Ne6+ 59. Kf5 Nc5 60. a5 Na6 61. Kf4 Nb4 62. Kf5 Na6 63. Kf4 Nc7 64. Kf5 Nb5 65. a6 Na7 66. Kf4 Nc6 67. Ke4 Na7 68. Kd5 Kg5 69.
Kc5 Kf5 70. Kb6 Nc8+ 71. Kc7 Na7 72. Kb7 Nb5 73. Kb6 Nd6 74. Kc7 Nb5+ 75. Kb6 Nd6 76. Kc6 Nc8 77. Kc7 Na7 78. Kb6 Nc8+ 79. Kc7 Na7 80. Kb6 Nc8+ 81. Kc7 Na7 82. Kb6 Nc8+ 1/2-1/2